 Dungeon Crawl Stone Soup version 0.23.2-1-ga50397a (webtiles) character file.

Game seed: 7828919245994397742

3549 schauveau the Basher (level 10, -3/65 HPs)
             Began as a Gargoyle Monk on Apr 27, 2019.
             Was a High Priest of Okawaru.
             Hit by a large rock thrown by a cyclops (17 damage)
             ... on level 9 of the Dungeon.
             The game lasted 00:16:59 (7640 turns).

schauveau the Basher (Gargoyle Monk)                Turns: 7640, Time: 00:17:00

Health: -3/65      AC: 27    Str: 18    XL:     10   Next: 9%
Magic:  10/10      EV:  6    Int: 11    God:    Okawaru [*****.]
Gold:   440        SH:  0    Dex: 12    Spells: 9/9 levels left

rFire    . . .     SeeInvis .   a - +2 dire flail (protect)
rCold    . . .     Gourm    .   (shield currently unavailable)
rNeg     + . .     Faith    .   K - +0 plate armour
rPois    ∞         Spirit   .   s - +0 helmet
rElec    +         Reflect  .   y - +2 cloak
rCorr    .         Harm     .   e - +1 pair of gloves
MR       +....                  (no boots)
Stlth    ..........             (no amulet)
HPRegen  0.20/turn              j - +5 ring of slaying
MPRegen  0.12/turn              t - ring of protection from magic

@: no status effects
A: negative energy resistance 1, electricity resistance, unbreathing,
petrification resistance, rot immunity, AC +7
a: Heroism, Finesse, Renounce Religion


You were on level 9 of the Dungeon.
You worshipped Okawaru.
Okawaru was extremely pleased with you.
You were not hungry.

You visited 2 branches of the dungeon, and saw 10 of its levels.

You collected 440 gold pieces.

Inventory:

Hand Weapons
 a - a +2 dire flail of protection (weapon)
 b - a +0 hunting sling of flaming
 f - a +2 flail of protection
 q - a +0 spear of venom
 H - a +0 falchion of electrocution
Missiles
 m - 41 poisoned needles
 p - 2 tomahawks
 u - 166 stones (quivered)
 v - 23 sling bullets
Armour
 e - a +1 pair of gloves (worn)
 s - a +0 helmet (worn)
 y - a +2 cloak (worn)
 K - a +0 plate armour (worn)
Jewellery
 j - a +5 ring of slaying (left hand)
 r - an uncursed ring of teleportation
 t - a ring of protection from magic (right hand)
Wands
 k - a wand of paralysis (16)
 o - a wand of digging (7)
 C - a wand of polymorph (7)
 L - a wand of disintegration (16)
Scrolls
 d - 2 scrolls of remove curse
 i - a scroll of fog
 w - 3 scrolls of teleportation
 B - a scroll of fear
 D - 8 scrolls of identify
 E - 2 scrolls of enchant weapon {unknown}
 M - a scroll of blinking {unknown}
Potions
 g - 4 potions of flight
 h - 4 potions of heal wounds
 l - 8 potions of curing
 n - 3 potions of agility
 x - a potion of mutation
 A - a potion of brilliance
 F - a potion of berserk rage {unknown}
 G - a potion of invisibility {unknown}
 I - 2 potions of haste
 J - 2 potions of might {unknown}
Comestibles
 c - 19 rations
 z - 3 chunks of flesh


   Skills:
 + Level 8.4 Fighting
 * Level 10.4 Maces & Flails
 + Level 7.5 Armour
 - Level 2.4 Dodging
 - Level 2.1 Stealth


You had 9 spell levels left.
You didn't know any spells.
Your spell library was empty.

Dungeon Overview and Level Annotations

Branches:
Dungeon (9/15)             Temple (1/1) D:7
   Lair: D:8-11         Orc: D:9-12

Altars:
Ashenzari
Cheibriados
Dithmenos
Elyvilon
Fedhas
Gozag
Hepliaklqana
Kikubaaqudgha
Makhleb
Nemelex Xobeh
Okawaru
Qazlal
Ru
Sif Muna
Trog
Uskayaw
Vehumet
Wu Jian
Xom
Yredelemnul
Zin
The Shining One


Innate Abilities, Weirdness & Mutations

You are resistant to torment.
Your stone body is resilient. (AC +7)
You are immune to poison.
You resist negative energy. (rN+)
You are resistant to electric shocks. (rElec)
You can survive without breathing.
You are immune to petrification.
You are immune to rotting.


Message History

A gnoll comes into view. It is wielding a +0 flail.
The gnoll shouts! x2
The black bear bites you but does no damage.
The black bear barely misses you.
The black bear claws you but does no damage.
The black bear bites you but does no damage.
The black bear claws you but does no damage. x2
The cyclops throws a large rock.
The large rock hits you!!
You see here a large rock.
The black bear bites you but does no damage.
The black bear claws you but does no damage. x2
The black bear bites you but does no damage.
The black bear barely misses you. The black bear closely misses you.
The cyclops throws a large rock.
The large rock hits you!!
Ouch! That really hurt!
* * * LOW HITPOINT WARNING * * *
You see here a large rock.
There is a stone staircase leading up here.
The cyclops throws a large rock.
The large rock hits you!
You die... #..# ##. gg.

..##.. .. .8. ###.#..
... .....#....C##
#... $...........###
#....
..$..##.......#...(..
.........>..#.#......
#.(##.gh@...#
##...(......#
#..#.......#
##.#..#...##
#...........
##..####..#.. #...
...... #.... ..###.
.#..... ...


You could see a cyclops, a black bear and a gnoll.

Vanquished Creatures
  A two-headed ogre (D:7)
  Pikel (D:7)
  Prince Ribbit (D:6)
  Edmund (D:4)
  A sky beast (D:7)
  An orc warrior (D:7)
  A phantom (D:4)
  6 ogres
  2 centaurs
  A big kobold (D:7)
  3 bullfrogs
  A crimson imp (D:5)
  A centaur zombie (D:5)
  A jelly (D:7)
  Crazy Yiuf (D:3)
  2 orc priests
  6 hounds
  5 iguanas
  5 orc wizards
  A worker ant (D:5)
  A hound zombie (D:5)
  8 gnolls
  A howler monkey skeleton (D:4)
  10 adders
  An ooze (D:2)
  An adder skeleton (D:8)
  5 worms
  4 dart slugs
  5 leopard geckos
  15 orcs
  8 giant cockroaches
  9 hobgoblins
  7 jackals
  A quokka (D:2)
  5 ball pythons
  4 bats
  8 frilled lizards
  A giant cockroach zombie (D:5)
  6 goblins
  2 jackal skeletons
  16 kobolds
  A leopard gecko skeleton (D:6)
  A quokka skeleton (D:4)
  6 rats
168 creatures vanquished.

Vanquished Creatures (others)
  An ogre (D:7)
1 creature vanquished.

Grand Total: 169 creatures vanquished

Notes
Turn   | Place    | Note
-------+----------+-------------------------------------------
     0 | D:1      | schauveau the Gargoyle Monk began the quest for the Orb.
     0 | D:1      | Reached XP level 1. HP: 14/14 MP: 1/1
   169 | D:1      | Reached XP level 2. HP: 16/19 MP: 2/2
   411 | D:1      | Reached skill level 1 in Armour
   544 | D:2      | Reached XP level 3. HP: 23/23 MP: 3/3
   844 | D:4      | Noticed an ogre
   901 | D:4      | Reached skill level 4 in Maces & Flails
  1253 | D:4      | Reached XP level 4. HP: 29/29 MP: 4/4
  1288 | D:4      | Noticed a phantom
  1356 | D:4      | Killed a phantom
  1356 | D:4      | Reached XP level 5. HP: 31/33 MP: 5/5
  1360 | D:5      | Entered Level 5 of the Dungeon
  1414 | D:4      | Noticed Edmund
  1642 | D:5      | Reached skill level 5 in Maces & Flails
  1667 | D:5      | Reached XP level 6. HP: 26/39 MP: 6/6
  2068 | D:7      | Found a staircase to the Ecumenical Temple.
  2080 | Temple   | Entered the Ecumenical Temple
  2189 | Temple   | Became a worshipper of Warmaster Okawaru
  2189 | Temple   | Reached * piety under Okawaru
  2189 | Temple   | Reached ** piety under Okawaru
  2290 | D:5      | Reached skill level 5 in Fighting
  2330 | D:3      | Reached XP level 7. HP: 30/44 MP: 7/7
  2410 | D:3      | Reached skill level 6 in Maces & Flails
  3655 | D:2      | Found a faded altar of an unknown god.
  3887 | D:3      | Found a runed translucent door.
  3888 | D:3      | Noticed Crazy Yiuf
  3901 | D:3      | Killed Crazy Yiuf
  4715 | D:4      | Reached XP level 8. HP: 50/51 MP: 8/8
  4734 | D:4      | Killed Edmund
  4734 | D:4      | Reached skill level 7 in Maces & Flails
  5131 | D:5      | Reached skill level 5 in Armour
  5173 | D:5      | Found a deep blue altar of Sif Muna.
  5603 | D:6      | Reached skill level 8 in Maces & Flails
  5670 | D:6      | Reached *** piety under Okawaru
  5778 | D:6      | Found a shadowy altar of Dithmenos.
  5802 | D:6      | Noticed Prince Ribbit
  5809 | D:6      | Killed Prince Ribbit
  5809 | D:6      | Reached XP level 9. HP: 46/56 MP: 9/9
  6279 | D:7      | Reached skill level 9 in Maces & Flails
  6527 | D:7      | Noticed Pikel
  6546 | D:7      | Killed Pikel
  6546 | D:7      | Reached **** piety under Okawaru
  6932 | D:8      | Noticed a two-headed ogre
  6946 | D:7      | Killed a two-headed ogre
  6946 | D:7      | Reached skill level 10 in Maces & Flails
  6946 | D:7      | Reached XP level 10. HP: 41/64 MP: 10/10
  7439 | D:8      | Reached ***** piety under Okawaru
  7631 | D:9      | Noticed a cyclops
  7640 | D:9      | Hit by a large rock thrown by a cyclops

Skill      XL: |  1  2  3  4  5  6  7  8  9 |
---------------+----------------------------+-----
Armour         | 1 2 3 4 5 7 |  7.5
Maces & Flails | 4 5 6 8 10 | 10.4
Fighting       | 4 5 6 8 |  8.4
Dodging        | |  2.4
Stealth        | |  2.1

Action                   |  1- 3 |  4- 6 |  7- 9 | 10-12 || total
-------------------------+-------+-------+-------+-------++-------
Melee: Mace              |   109 |    90 |    83 |       ||   282
       Flail             |       |       |    83 |       ||    83
       Dire flail        |       |       |   152 |    32 ||   184
 Fire: Hunting sling     |       |       |     7 |       ||     7
  Use: Scroll            |     5 |     6 |     8 |       ||    19
       Potion            |     1 |     1 |       |       ||     2
 Stab: Sleeping          |     1 |       |       |       ||     1
  Eat: Chunk             |     1 |     3 |     9 |     2 ||    15
       Ration            |       |     1 |     1 |       ||     2
Armor: Robe              |    47 |     5 |       |       ||    52
       Ring mail         |       |    16 |       |       ||    16
       Chain mail        |       |    22 |    92 |       ||   114
       Scale mail        |       |       |   106 |       ||   106
       Plate armour      |       |       |    18 |    33 ||    51
Dodge: Dodged            |   102 |    39 |   128 |     9 ||   278
